 Dungeon Crawl Stone Soup version 0.23-a0-389-g4a5eb33 (webtiles) character file.

647 Garbasso the Shooter (level 7, -3/55 HPs)
             Began as a Demonspawn Hunter on Oct 29, 2018.
             Was a Believer of Makhleb.
             Slain by an ogre
             ... wielding a +0 giant club
              (11 damage)
             ... on level 4 of the Dungeon.
             The game lasted 00:17:16 (4139 turns).

Garbasso the Shooter (Demonspawn Hunter)            Turns: 4139, Time: 00:17:17

Health: -3/55      AC: 13    Str: 14    XL:     7   Next: 27%
Magic:  7/7        EV:  4    Int: 13    God:    Makhleb [**....]
Gold:   228        SH:  0    Dex: 13    Spells: 6/6 levels left

rFire    . . .     SeeInvis .   x - +0 quarterstaff (speed)
rCold    . . .     Gourm    .   (shield currently unavailable)
rNeg     . . .     Faith    .   i - +0 plate armour
rPois    .         Spirit   .   (no helmet)
rElec    .         Reflect  .   (no cloak)
rCorr    .         Harm     .   (no gloves)
MR       .....                  (no boots)
Stlth    ..........             (no amulet)
HPRegen  0.18/turn              (no ring)
MPRegen  0.10/turn              (no ring)

@: lethally poisoned (-3 -> -6), slowed, very slow
A: slimy green scales 1, powered by death 1, spiny 1
a: Minor Destruction, Renounce Religion


You were on level 4 of the Dungeon.
You worshipped Makhleb.
Makhleb was pleased with you.
You were not hungry.

You visited 1 branch of the dungeon, and saw 4 of its levels.
You also visited: Sewer.

You collected 228 gold pieces.

Inventory:

Hand Weapons
 a - a +2 shortbow of flaming
 b - a +0 short sword
 x - a +0 quarterstaff of speed (weapon)
Missiles
 d - 28 arrows
Armour
 i - a +0 plate armour (worn)
Jewellery
 y - a cursed ring of attention {unknown}
Wands
 n - a wand of acid (17)
 s - a wand of enslavement (2)
Scrolls
 c - a scroll of fear {unknown}
 g - 2 scrolls of blinking
 h - 4 scrolls of teleportation
 j - 5 scrolls of remove curse
 o - a scroll of immolation {unknown}
 r - 3 scrolls of fog {unknown}
 t - 2 scrolls of magic mapping {unknown}
Potions
 e - 4 potions of curing
 k - a potion of berserk rage
 l - a potion of mutation
 p - 2 potions of brilliance {unknown}
 q - a potion of haste {unknown}
 u - 3 potions of might {unknown}
 v - 3 potions of magic {unknown}
 w - a potion of heal wounds {unknown}
Comestibles
 f - 5 rations
 m - 8 chunks of flesh


   Skills:
 + Level 4.4 Fighting
 * Level 6.4 Bows
 + Level 3.0 Armour
 - Level 1.7 Dodging
 - Level 0.8 Stealth


You had 6 spell levels left.
You didn't know any spells.
Your spell library was empty.

Dungeon Overview and Level Annotations

Branches:
Dungeon (4/15)
 Temple: D:4-7

Altars:
Cheibriados
Kikubaaqudgha
Makhleb
Nemelex Xobeh
Ru
Sif Muna
Vehumet
Wu Jian


Innate Abilities, Weirdness & Mutations

You are partially covered in slimy green scales. (AC +2)
You regenerate a little health from kills.
You are partially covered in sharp spines.


Message History

The worker ant closely misses you. The ogre is struck by your spines.
The ogre hits you with a +0 giant club!
The worker ant bites you but does no damage.
You hit the worker ant.
The worker ant is severely wounded.
The ogre is struck by your spines. The ogre hits you but does no damage.
The worker ant bites you but does no damage.
You hit the worker ant but do no damage.
The worker ant is severely wounded.
The worker ant is struck by your spines.
The worker ant completely misses you. The ogre is struck by your spines.
The ogre hits you with a +0 giant club!!
* * * LOW HITPOINT WARNING * * *
The worker ant is struck by your spines.
The worker ant bites you.
* * * LOW HITPOINT WARNING * * *
You are poisoned.
The worker ant poisons you!
You feel sick. The ogre hits you with a +0 giant club!
You die...

##............
###..........#.
#.......####.#
#......##### ..
##.........## .
##..###......#
#...............
####.†#...........
#...@..#..........
#..Oa..#..........
##.....##.........
##.[)?.#..........
#.....[##.#.#....
#.......#.._....
.........))## #.
.###........# #
#####......


You could see an ogre and a worker ant.

Vanquished Creatures
  A centaur (D:3)
  2 bullfrogs (Sewer)
  4 orc wizards
  15 adders
  A howler monkey skeleton (D:3)
  7 river rats
  An ooze (D:1)
  A worm (D:4)
  A dart slug (D:1)
  3 leopard geckos
  5 orcs
  2 giant cockroaches (D:3)
  13 goblins
  7 hobgoblins
  4 jackals
  9 kobolds
  11 ball pythons (Sewer)
  7 bats
  7 frilled lizards
  33 rats
134 creatures vanquished.

Notes
Turn   | Place    | Note
-------+----------+-------------------------------------------
     0 | D:1      | Garbasso the Demonspawn Hunter began the quest for the Orb.
     0 | D:1      | Reached XP level 1. HP: 16/16 MP: 1/1
   365 | D:1      | Gained mutation: You are partially covered in slimy green
                  | scales. (AC +2) [demonic ancestry]
   365 | D:1      | Reached XP level 2. HP: 22/22 MP: 2/2
   403 | D:1      | Reached skill level 4 in Bows
   799 | D:1      | Reached XP level 3. HP: 25/28 MP: 3/3
  1528 | D:2      | Found a deep blue altar of Sif Muna.
  1573 | D:2      | Found a sparkling altar of Nemelex Xobeh.
  1612 | D:2      | Found an ancient bone altar of Kikubaaqudgha.
  2051 | D:2      | Found a burning altar of Makhleb.
  2051 | D:2      | Found a radiant altar of Vehumet.
  2054 | D:2      | Became a worshipper of Makhleb the Destroyer
  2119 | D:2      | Gained mutation: You are partially covered in sharp spines.
                  | [demonic ancestry]
  2119 | D:2      | Reached XP level 4. HP: 18/34 MP: 4/4
  2374 | D:2      | Found an ornate altar of the Wu Jian Council.
  2709 | D:3      | Reached skill level 1 in Armour
  2783 | D:3      | Noticed a centaur
  2796 | D:3      | Killed a centaur
  2796 | D:3      | Reached skill level 5 in Bows
  2796 | D:3      | Gained mutation: You regenerate a little health from kills.
                  | [demonic ancestry]
  2796 | D:3      | Reached XP level 5. HP: 27/41 MP: 5/5
  3106 | D:3      | Found a snail-covered altar of Cheibriados.
  3533 | D:4      | Reached XP level 6. HP: 47/47 MP: 6/6
  3570 | D:4      | Found a glowing drain.
  3583 | Sewer    | Entered a sewer
  3594 | Sewer    | Reached * piety under Makhleb
  3715 | Sewer    | Reached skill level 6 in Bows
  3858 | Sewer    | Reached ** piety under Makhleb
  3858 | Sewer    | Reached XP level 7. HP: 30/54 MP: 7/7
  4105 | D:4      | Found a sacrificial altar of Ru.
  4139 | D:4      | Slain by an ogre

Vault maps used:
D:1:      dpeg_arrival_tiny_f, kennysheep_decorative_pillar,
          serial_bayou_pond_c, minmay_heptomino_h4
D:2:      cheibrodos_greedy_goblins, gammafunk_temple_overflow_elements,
          lemuel_crystal_altar, kiku_gazebo_garden_becter, old_standard_altar,
          nemelex_xobeh_ov_fountains_minmay
D:3:      cheibriados_altar_1, first_ration, minmay_distorted
D:4:      lemuel_crystal_altar, enter_ossuary_5, lightli_sewer_entry_pipes,
          patterned_corridor, uniq_duvessa
Sewer:    sewer_minmay_w

Skill      XL: |  1  2  3  4  5  6  7 |
---------------+----------------------+-----
Bows           | 4 5 6 |  6.4
Armour         | 1 2 3 |  3.0
Fighting       | 3 4 |  4.4
Dodging        | |  1.7
Stealth        | |  0.8

Action                   |  1- 3 |  4- 6 |  7- 9 || total
-------------------------+-------+-------+-------++-------
Melee: Short sword       |   182 |    45 |    38 ||   265
       Quarterstaff      |       |       |     6 ||     6
 Fire: Shortbow          |    42 |   106 |       ||   148
  Use: Scroll            |     4 |     5 |       ||     9
  Eat: Chunk             |     4 |     2 |     1 ||     7
       Ration            |       |     1 |       ||     1
Armor: Leather armour    |     2 |       |       ||     2
       Plate armour      |   165 |    95 |    43 ||   303
Dodge: Dodged            |    36 |    23 |     9 ||    68

Table legend:
 A = Non-vault XP
 B = Vault XP
 C = Vault XP percentage of total XP
 D = Non-vault monster count
 E = Vault monster count
 F = Vault count percentage of total count
                 A         B        C        D         E       F
            +---------+---------+-------+---------+---------+-------
      Total |     443 |     482 |  52.1 |      61 |      73 |  54.5
            +---------+---------+-------+---------+---------+-------
        D:1 |      47 |       4 |   7.8 |      23 |       3 |  11.5
        D:2 |      43 |      19 |  30.6 |      12 |      10 |  45.5
        D:3 |     222 |       6 |   2.6 |      18 |       3 |  14.3
        D:4 |     131 |      76 |  36.7 |       8 |       9 |  52.9
      Sewer |       0 |     377 | 100.0 |       0 |      48 | 100.0
            +---------+---------+-------+---------+---------+-------
